 Dungeon Crawl Stone Soup version 0.22-a0-284-g99d1f74 (webtiles) character file.

1337 Serpenta the Slicer (level 8, -5/52 HPs)
             Began as an Octopode Chaos Knight on Mar 21, 2018.
             Killed from afar by an orc wizard (8 damage)
             ... with a magic dart
             ... on level 6 of the Dungeon.
             The game lasted 00:13:19 (6624 turns).

Serpenta the Slicer (Octopode Chaos Knight)         Turns: 6624, Time: 00:13:19

Health: -5/52      AC:  1    Str: 11    XL:     8   Next: 61%
Magic:  8/8        EV:  9    Int: 15    God:    Xom [....*.]
Gold:   439        SH: 11    Dex: 13    Spells: 7/7 levels left

rFire    . . .     SeeInvis .   a - +0 short sword (chaos)
rCold    . . .     Gourm    .   s - +0 large shield
rNeg     . . .     Faith    .   (helmet restricted)
rPois    .         Spirit   .   (no amulet)
rElec    .         Reflect  .   (no ring)
rCorr    .         Harm     .   (no ring)
MR       .....                  (no ring)
Stlth    +++++.....             (no ring)
HPRegen  0.17/turn              (no ring)
MPRegen  0.11/turn              (no ring)
                                (no ring)
                                (no ring)

@: flying, drained
A: almost no armour, stealthy swim, amphibious, 8 rings, constrict 8, camouflage
1, wild magic 1, gelatinous body 1
a: Renounce Religion


You were on level 6 of the Dungeon.
You worshipped Xom.
You were a beloved toy of Xom.
You were not hungry.

You visited 1 branch of the dungeon, and saw 7 of its levels.

You collected 439 gold pieces.


Innate Abilities, Weirdness & Mutations

You cannot wear most types of armour.
You are very stealthy in the water. (Stealth+)
You are amphibious.
You can wear up to eight rings at the same time.
You can use your tentacles to constrict eight enemies at once.
Your skin changes colour to match your surroundings (Stealth+).
Your rubbery body absorbs attacks. (AC +1, EV +1)
Your spells are a little harder to cast, but a little more powerful.


   Skills:
 - Level 3.0(2.6) Fighting
 * Level 8.7(8.3) Short Blades
 - Level 2.3(2.0) Dodging
 + Level 8.0(7.6) Stealth
 + Level 2.0(1.6) Shields


You had 7 spell levels left.
You didn't know any spells.

Action                   |  1- 3 |  4- 6 |  7- 9 || total
-------------------------+-------+-------+-------++-------
Melee: Short sword       |    39 |   141 |    92 ||   272
       Constrict         |    10 |    34 |    18 ||    62
       Tentacles         |     9 |    27 |    23 ||    59
  Use: Potion            |     1 |       |     3 ||     4
       Scroll            |       |     5 |       ||     5
 Stab: Sleeping          |     6 |     9 |     6 ||    21
       Distracted        |       |       |     3 ||     3
       Confused          |       |       |     1 ||     1
       Paralysed         |       |       |     1 ||     1
  Eat: Ration            |     1 |       |       ||     1
       Chunk             |       |     6 |     8 ||    14
Armor: Skin              |     7 |     9 |       ||    16
Dodge: Dodged            |    19 |    55 |    44 ||   118
Block: Large shield      |       |       |     4 ||     4

Inventory:

Hand Weapons
 a - a +0 short sword of chaos (weapon)
 j - a +0 dagger
Armour
 s - a +0 large shield (worn)
Wands
 n - a wand of iceblast (14)
Scrolls
 c - a scroll of random uselessness {unknown}
 d - 4 scrolls of teleportation
 e - 4 scrolls of remove curse {unknown}
 f - 2 scrolls of enchant armour {unknown}
 g - a scroll of blinking {unknown}
 m - a scroll of fog
 o - a scroll of immolation {unknown}
 p - a scroll of identify
 r - a scroll of enchant weapon {unknown}
Potions
 h - 2 potions of brilliance
 i - 2 potions of haste
Comestibles
 b - 13 rations
 k - 3 chunks of flesh {@w1}

.#.##*,,.. ,,, ...***
,,.,,,,* #Y., ,,, ,,
...,, *,* ****
.##***,*,**, ..# *,*,
*,* ..#***,*, * ######
..#*,,,,,...#....#######
...,,,,,,.......@...))>#
###*,,,_,...#..#{#######
# *,,,,,,,,#. #.....# #
*,,,,, #,,#.##.## ##
*,******,#............o.
.# *,* *,#.##.##.####o..
.##*.# ,# #.##.# ..##.#
* *,*#.##.. #.##.# * ,
#.##.#


There were no monsters in sight!

Vanquished Creatures
  A hornet (D:7)
  A sky beast (D:7)
  A centaur (D:5)
  3 scorpions
  A centaur zombie (D:5)
  3 crimson imps
  A quasit (D:7)
  2 hounds
  3 orc wizards
  2 centaur skeletons
  2 orc priests
  Jessica (D:2)
  An iguana (D:4)
  Natasha (D:4)
  Terence (D:2)
  3 worker ants
  A killer bee zombie (D:7)
  A hound zombie (D:5)
  A howler monkey zombie (D:6)
  A gnoll (D:6)
  12 adders
  A river rat (D:3)
  2 shadow imps
  An adder zombie (D:6)
  A dart slug (D:2)
  3 leopard geckos
  8 orcs
  A ball python (D:1)
  7 bats
  3 giant cockroaches
  7 goblins
  10 hobgoblins
  A ball python (shapeshifter) (D:2)
  6 frilled lizards
  5 kobolds
  2 quokka skeletons
  5 rats (D:3)
106 creatures vanquished.

Vault maps used:
D:1:      ncdulo_wetmaze
D:2:      nicolae_overflow_hidden_temple,
          chequers_temple_overflow_statue_of_worship, first_ration,
          kennysheep_generic_room_15, uniq_jessica, uniq_natasha, uniq_terence
D:4:      minmay_temple_entry_overgrown, minmay_misc_feat_nine_boxes
D:6:      yredelemnul_altar_generic, marbit_many_paths, uniq_pikel
D:7:      minmay_misc_feat_x


Message History

A puff of flame appears from out of thin air!
The puff of flame hits you!
* * * LOW HITPOINT WARNING * * *
You hit something.
Waves of light ripple in the air.
Something hits you.
* * * LOW HITPOINT WARNING * * *
You hit something but do no damage. You squeeze something. Something hits you.
* * * LOW HITPOINT WARNING * * *
It was a potion of flight.
You feel very buoyant.
You fly up into the air.
You hear some strange, mumbled words.
A puff of flame appears from out of thin air!
The puff of flame misses you.
You miss something. Your squeeze misses something.
Something hits you but does no damage.
You miss something.
You hear some strange, mumbled words.
A magic dart appears from out of thin air!
The magic dart hits you!
You die...

Notes
Turn   | Place    | Note
-------+----------+-------------------------------------------
     0 | D:1      | Serpenta the Octopode Chaos Knight began the quest for the Orb.
     0 | D:1      | Reached XP level 1. HP: 16/16 MP: 1/1
    57 | D:1      | XOM: harmless Conj miscast
   106 | D:1      | Reached skill level 1 in Stealth
   108 | D:1      | Reached XP level 2. HP: 18/21 MP: 2/2
   313 | D:1      | XOM: divination: magic mapping
   356 | D:1      | XOM: silly message
   742 | D:2      | Noticed Terence
   779 | D:2      | Noticed Jessica
   784 | D:2      | Found a deep blue altar of Sif Muna.
   790 | D:2      | Killed Jessica
   790 | D:2      | Reached XP level 3. HP: 21/26 MP: 3/3
   875 | D:1      | XOM: harmless Chrm miscast
   965 | D:2      | Found a bloodstained altar of Trog.
   966 | D:2      | Found a radiant altar of Vehumet.
   966 | D:2      | Found a hazy altar of Hepliaklqana.
   966 | D:2      | Found a shimmering altar of Xom.
  1185 | D:2      | XOM: mild Tloc miscast
  1330 | D:2      | Reached XP level 4. HP: 30/31 MP: 4/4
  1336 | D:2      | Noticed Natasha
  1363 | D:2      | Killed Terence
  1402 | D:2      | XOM: cloud trail
  1631 | D:2      | XOM: harmless Tmut miscast
  1696 | D:3      | Reached XP level 5. HP: 32/36 MP: 5/5
  1716 | D:3      | Reached skill level 5 in Short Blades
  1754 | D:3      | XOM: scenery: 1 doors close
  1771 | D:3      | XOM: noise
  2184 | D:3      | XOM: divination: detect items
  2721 | D:3      | Reached XP level 6. HP: 37/42 MP: 6/6
  3035 | D:3      | XOM: give mutation
  3035 | D:3      | Gained mutation: Your spells are a little harder to cast, but a little more powerful. [Xom's grace]
  3137 | D:4      | XOM: enchant monster (bad)
  3215 | D:4      | Killed Natasha
  3248 | D:4      | Found a staircase to the Ecumenical Temple.
  3269 | D:4      | Reached skill level 5 in Stealth
  3882 | D:5      | Entered Level 5 of the Dungeon
  3930 | D:5      | Reached XP level 7. HP: 39/46 MP: 7/7
  4095 | D:5      | XOM: medium Fire miscast
  4252 | D:5      | XOM: harmless Pois miscast
  4526 | D:5      | XOM: mild Air miscast
  4946 | D:6      | Noticed Pikel
  5087 | D:6      | XOM: severe Tloc miscast
  5383 | D:6      | XOM: summons 3 hostile demons
  5405 | D:6      | XOM: destruction
  5439 | D:6      | XOM: blink monster(s)
  5472 | D:6      | XOM: divination: magic mapping
  5485 | D:6      | XOM: harmless Tmut miscast
  5491 | D:6      | XOM: fake destruction
  5496 | D:6      | XOM: cleaving
  5505 | D:7      | Noticed a hornet
  5506 | D:7      | XOM: draining
  5510 | D:7      | XOM: polymorph shadow imp -> quasit
  5515 | D:7      | XOM: scenery: create altars
  5519 | D:7      | XOM: swap monsters
  5566 | D:7      | Reached XP level 8. HP: 41/52 MP: 8/8
  5842 | D:6      | Found a shattered altar of Ashenzari.
  6045 | D:7      | XOM: noise
  6108 | D:7      | XOM: 2-stop teleportation journey
  6295 | D:7      | Paralysed by a hornet for 1 turns
  6297 | D:7      | XOM: confuse monster(s)
  6300 | D:7      | Killed a hornet
  6300 | D:7      | Reached skill level 1 in Shields
  6301 | D:7      | HP: 2/78 [something (5)]
  6594 | D:6      | XOM: enchant monster (good)
  6621 | D:6      | HP: 2/52 [something (4)]
  6624 | D:6      | Killed from afar by an orc wizard
